TOP OF THE 1ST |
New Orleans Looters batting - Pitching for St Charles Sheens : LHP Luis Valentín
|
Pitching: LHP Luis Valentín
|
|
Batting: LHB Francisco Vega
|
0-0: DOUBLE (Flyball, 8LXD)
|
Batting: RHB Rubén Vázquez
|
0-0: Foul Ball, location: 2F 0-1: Ball 1-1: SINGLE (Flyball, 89S) Francisco Vega to third Runner from 3rd tries for Home, SAFE, no throw
|
Batting: RHB Stephen Shaw
|
0-0: Ball 1-0: Foul Ball, location: 2F 1-1: DOUBLE (Flyball, 78D) Rubén Vázquez to third Runner from 3rd tries for Home, SAFE, no throw
|
Batting: SHB Oliver Deleón
|
0-0: Called Strike 0-1: Ball 1-1: Foul Ball, location: 2F 1-2: Strikes out swinging
|
Batting: LHB Seung-chun Mun
|
0-0: Swinging Strike 0-1: Foul Ball, location: 2F 0-2: Ball 1-2: Foul Ball, location: 2F 1-2: Strikes out swinging
|
Batting: RHB Dave O'Loan
|
0-0: Ball 1-0: Ball 2-0: Called Strike 2-1: Ball 3-1: Fly out, F7 (Flyball, 7)
|
Top of the 1st over - 2 run(s), 3 hit(s), 0 error(s), 1 left on base; New Orleans 2 - St Charles 0 |
BOTTOM OF THE 1ST |
St Charles Sheens batting - Pitching for New Orleans Looters : RHP Étienne Garcia
|
Pitching: RHP Étienne Garcia
|
|
Batting: LHB Marcos Cantú
|
0-0: Called Strike 0-1: Foul Ball, location: 2F 0-2: SINGLE (Groundball, 56D)
|
Batting: RHB Miguel Palácios
|
0-0: Foul Ball, location: 2F 0-1: Foul Ball, location: 2F 0-2: Ball 1-2: Strikes out swinging
|
Batting: LHB Larry Howard
|
0-0: Called Strike 0-1: Ball 1-1: Ball 2-1: Ball 3-1: Called Strike 3-2: Foul Ball, location: 2F 3-2: Single, Error in OF, E8, batter to second base Marcos Cantú to third
|
Batting: RHB Judson Backstrom
|
0-0: Foul Ball, location: 2F 0-1: Ball 1-1: Ball 2-1: Ball 3-1: Foul Ball, location: 2F 3-2: Fly out, F9 (Flyball, 9S) Runner from 3rd tags up, SCORES, throw made
|
Batting: RHB Daniel Robert
|
0-0: Ground out 6-3 (Groundball, 6)
|
Bottom of the 1st over - 1 run(s), 2 hit(s), 1 error(s), 1 left on base; New Orleans 2 - St Charles 1 |
TOP OF THE 2ND |
New Orleans Looters batting - Pitching for St Charles Sheens : LHP Luis Valentín
|
Batting: LHB Miguel Colón
|
0-0: Ball 1-0: Fly out, F7 (Flyball, 7S)
|
Batting: RHB Run-ming Zhu
|
0-0: Ball 1-0: Called Strike 1-1: Called Strike 1-2: Strikes out swinging
|
Batting: SHB Arturo Sánchez
|
0-0: Foul Ball, location: 2F 0-1: SINGLE (Groundball, 34D)
|
Batting: LHB Francisco Vega
|
0-0: Ground out 1-3 (Groundball, 13S)
|
Top of the 2nd over - 0 run(s), 1 hit(s), 0 error(s), 1 left on base; New Orleans 2 - St Charles 1 |
BOTTOM OF THE 2ND |
St Charles Sheens batting - Pitching for New Orleans Looters : RHP Étienne Garcia
|
Batting: RHB Max Rash
|
0-0: Foul Ball, location: 2F 0-1: Ground out 6-3 (Groundball, 6)
|
Batting: RHB Jesús Hernández
|
0-0: Fly out, F7 (Line Drive, 7)
|
Batting: RHB Miguel Encarnación
|
0-0: DOUBLE (Line Drive, 8LXD)
|
Batting: LHB Juan Jose Rojas
|
0-0: Ball 1-0: Swinging Strike 1-1: SINGLE (Groundball, 34D) Miguel Encarnación to third Runner from 3rd tries for Home, SAFE, no throw
|
Batting: LHB Marcos Cantú
|
0-0: Called Strike 0-1: Swinging Strike 0-2: Fly out, F5 (Popup, 5L)
|
Bottom of the 2nd over - 1 run(s), 2 hit(s), 0 error(s), 1 left on base; New Orleans 2 - St Charles 2 |
TOP OF THE 3RD |
New Orleans Looters batting - Pitching for St Charles Sheens : LHP Luis Valentín
|
Batting: RHB Rubén Vázquez
|
0-0: Ball 1-0: Ball 2-0: Ball 3-0: Called Strike 3-1: Base on Balls
|
Batting: RHB Stephen Shaw
|
0-0: Ball Rubén Vázquez steals 2nd base 1-0: Ball 2-0: Ball 3-0: Foul Ball, location: 2F 3-1: Base on Balls
|
Batting: SHB Oliver Deleón
|
0-0: Ball 1-0: Grounds into double play, 1-6-3 (Groundball, P) Rubén Vázquez to third
|
Batting: LHB Seung-chun Mun
|
0-0: Called Strike 0-1: SINGLE (Flyball, 8LS) Rubén Vázquez scores
|
Batting: RHB Dave O'Loan
|
0-0: Ball 1-0: Fielders Choice at 2nd, 5-4 (Groundball, 56)
|
Top of the 3rd over - 1 run(s), 1 hit(s), 0 error(s), 0 left on base; New Orleans 3 - St Charles 2 |
BOTTOM OF THE 3RD |
St Charles Sheens batting - Pitching for New Orleans Looters : RHP Étienne Garcia
|
Batting: RHB Miguel Palácios
|
0-0: Called Strike 0-1: Ball 1-1: Fly out, F8 (Flyball, 8LD)
|
Batting: LHB Larry Howard
|
0-0: Called Strike 0-1: Ball 1-1: Ground out 3-1 (Groundball, 34S)
|
Batting: RHB Judson Backstrom
|
0-0: Foul Ball, location: 2F 0-1: Ball 1-1: DOUBLE (Line Drive, 7LM)
|
Batting: RHB Daniel Robert
|
0-0: Fly out, F9 (Flyball, 9LM)
|
Bottom of the 3rd over - 0 run(s), 1 hit(s), 0 error(s), 1 left on base; New Orleans 3 - St Charles 2 |
TOP OF THE 4TH |
New Orleans Looters batting - Pitching for St Charles Sheens : LHP Luis Valentín
|
Batting: LHB Miguel Colón
|
0-0: Ball 1-0: Swinging Strike 1-1: Foul Ball, location: 2F 1-2: Ball 2-2: SINGLE (Groundball, 56D)
|
Batting: RHB Run-ming Zhu
|
0-0: Ball 1-0: Called Strike 1-1: Ball 2-1: Ball 3-1: Base on Balls Miguel Colón to second
|
Batting: SHB Arturo Sánchez
|
0-0: Swinging Strike 0-1: Fly out, F8 (Flyball, 89M)
|
Batting: LHB Francisco Vega
|
0-0: Fly out, F7 (Flyball, 7)
|
Batting: RHB Rubén Vázquez
|
0-0: Ball 1-0: Ball 2-0: Ball 3-0: Called Strike 3-1: Base on Balls Miguel Colón to third Run-ming Zhu to second
|
Batting: RHB Stephen Shaw
|
0-0: Ball 1-0: Foul Ball, location: 2F 1-1: Foul Ball, location: 2F 1-2: Fielders Choice at 2nd, U6 (Groundball, 6M)
|
Top of the 4th over - 0 run(s), 1 hit(s), 0 error(s), 3 left on base; New Orleans 3 - St Charles 2 |
BOTTOM OF THE 4TH |
St Charles Sheens batting - Pitching for New Orleans Looters : RHP Étienne Garcia
|
Batting: RHB Max Rash
|
0-0: Ball 1-0: Ground out 6-3 (Groundball, 6M)
|
Batting: RHB Jesús Hernández
|
0-0: Fly out, F5 (Popup, 5L)
|
Batting: RHB Miguel Encarnación
|
0-0: Ball 1-0: Foul Ball, location: 2F 1-1: Ball 2-1: Ground out 6-3 (Groundball, 6)
|
Bottom of the 4th over - 0 run(s), 0 hit(s), 0 error(s), 0 left on base; New Orleans 3 - St Charles 2 |
TOP OF THE 5TH |
New Orleans Looters batting - Pitching for St Charles Sheens : LHP Luis Valentín
|
Batting: SHB Oliver Deleón
|
0-0: Ball 1-0: SINGLE (Line Drive, 4MD)
|
Batting: LHB Seung-chun Mun
|
0-0: Ball 1-0: Called Strike 1-1: Ball 2-1: Ball 3-1: Foul Ball, location: 2F 3-2: Foul Ball, location: 2F 3-2: Base on Balls Oliver Deleón to second
|
Batting: RHB Dave O'Loan
|
0-0: Ball 1-0: Swinging Strike 1-1: Ball 2-1: Ball 3-1: Swinging Strike 3-2: Base on Balls Oliver Deleón to third Seung-chun Mun to second
|
Batting: LHB Miguel Colón
|
0-0: Ball 1-0: Called Strike 1-1: Swinging Strike 1-2: Foul Ball, location: 2F 1-2: Ball 2-2: Foul Ball, location: 2F 2-2: Foul Ball, location: 2F 2-2: Ball 3-2: Fly out, F4 (Line Drive, 4)
|
Batting: RHB Run-ming Zhu
|
0-0: Called Strike 0-1: Ball 1-1: Fly out, F8 (Flyball, 78M)
|
Batting: SHB Arturo Sánchez
|
0-0: Foul Ball, location: 2F 0-1: Swinging Strike 0-2: SINGLE (Groundball, 56D) Oliver Deleón scores Seung-chun Mun to third Dave O'Loan to second Runner from 3rd tries for Home, SAFE, no throw
|
Batting: LHB Francisco Vega
|
0-0: Called Strike 0-1: Fly out, F9 (Flyball, 9D)
|
Top of the 5th over - 2 run(s), 2 hit(s), 0 error(s), 2 left on base; New Orleans 5 - St Charles 2 |
BOTTOM OF THE 5TH |
St Charles Sheens batting - Pitching for New Orleans Looters : RHP Étienne Garcia
|
Batting: LHB Juan Jose Rojas
|
0-0: Foul Ball, location: 2F 0-1: Ball 1-1: Called Strike 1-2: Ground out 4-3 (Groundball, 4)
|
Batting: LHB Marcos Cantú
|
0-0: Ball 1-0: Ball 2-0: Ground out 6-3 (Groundball, 6)
|
Batting: RHB Miguel Palácios
|
0-0: Called Strike 0-1: Ground out 6-3 (Groundball, 56)
|
Bottom of the 5th over - 0 run(s), 0 hit(s), 0 error(s), 0 left on base; New Orleans 5 - St Charles 2 |
TOP OF THE 6TH |
New Orleans Looters batting - Pitching for St Charles Sheens : LHP Luis Valentín
|
Pitching: LHP Gianluigi Ciottone
|
|
Batting: RHB Rubén Vázquez
|
0-0: Ball 1-0: Foul Ball, location: 2F 1-1: Swinging Strike 1-2: Ball 2-2: Ball 3-2: Fly out, F8 (Flyball, 8RM)
|
Batting: RHB Stephen Shaw
|
0-0: Called Strike 0-1: Called Strike 0-2: DOUBLE (Flyball, 78D)
|
Batting: SHB Oliver Deleón
|
0-0: Intentional Walk
|
Batting: LHB Seung-chun Mun
|
0-0: Foul Ball, location: 2F 0-1: Grounds into double play, 4-6-3 (Groundball, 4)
|
Top of the 6th over - 0 run(s), 1 hit(s), 0 error(s), 1 left on base; New Orleans 5 - St Charles 2 |
BOTTOM OF THE 6TH |
St Charles Sheens batting - Pitching for New Orleans Looters : RHP Étienne Garcia
|
Batting: LHB Larry Howard
|
0-0: Ball 1-0: Ball 2-0: Ball 3-0: Called Strike 3-1: SINGLE (Line Drive, 89M)
|
Batting: RHB Judson Backstrom
|
0-0: Called Strike 0-1: Ball 1-1: Foul Ball, location: 2F 1-2: Ball 2-2: SINGLE (Groundball, 3D) Larry Howard to second Throwing error, E9 Larry Howard scores Judson Backstrom to second
|
Batting: RHB Daniel Robert
|
0-0: Ball 1-0: SINGLE (Groundball, 6MD) Judson Backstrom to third Runner from 3rd tries for Home, SAFE, throw made home Daniel Robert to second
|
Batting: RHB Max Rash
|
0-0: Called Strike 0-1: Ball 1-1: Foul Ball, location: 2F 1-2: Foul Ball, location: 2F 1-2: SINGLE (Groundball, 6MD) Daniel Robert to third
|
Batting: RHB Jesús Hernández
|
0-0: Called Strike 0-1: SINGLE (Line Drive, 8RS) Daniel Robert scores Max Rash to second
|
Pitching: LHP Tadao Yoshida
|
|
Batting: RHB Miguel Encarnación
|
0-0: Ball 1-0: Reached via error on a dropped throw, E6 Max Rash to third Jesús Hernández to second
|
Batting: LHB Juan Jose Rojas
|
0-0: Ground out U3 (Groundball, 34S) Max Rash scores Jesús Hernández to third Miguel Encarnación to second
|
Batting: LHB Marcos Cantú
|
0-0: Called Strike 0-1: Foul Ball, location: 2F 0-2: Ball 1-2: Ground out U3 (Groundball, 3L)
|
Batting: RHB Miguel Palácios
|
0-0: Ball 1-0: Called Strike 1-1: Ball 2-1: Ball 3-1: Swinging Strike 3-2: Ground out 6-3 (Groundball, 6)
|
Bottom of the 6th over - 4 run(s), 5 hit(s), 2 error(s), 2 left on base; New Orleans 5 - St Charles 6 |
TOP OF THE 7TH |
New Orleans Looters batting - Pitching for St Charles Sheens : LHP Gianluigi Ciottone
|
Batting: RHB Dave O'Loan
|
0-0: Ball 1-0: Ball 2-0: Ball 3-0: Swinging Strike 3-1: Base on Balls
|
Batting: LHB Miguel Colón
|
0-0: Ball 1-0: Sac Bunt - play at second, runner OUT! 1-6
|
Batting: RHB Run-ming Zhu
|
0-0: Ball 1-0: Ground out 5-3 (Groundball, 5) Miguel Colón to second
|
Pinch Hitting: RHB Tim Gardner
|
0-0: Ball 1-0: Swinging Strike 1-1: Fly out, F7 (Flyball, 78XD)
|
Top of the 7th over - 0 run(s), 0 hit(s), 0 error(s), 1 left on base; New Orleans 5 - St Charles 6 |
BOTTOM OF THE 7TH |
St Charles Sheens batting - Pitching for New Orleans Looters : LHP Tadao Yoshida
|
Now at 3B: Tim Gardner
|
|
Batting: LHB Larry Howard
|
0-0: Swinging Strike 0-1: Called Strike 0-2: Strikes out looking
|
Batting: RHB Judson Backstrom
|
0-0: Called Strike 0-1: Ball 1-1: Ball 2-1: SINGLE (Line Drive, 56D)
|
Batting: RHB Daniel Robert
|
0-0: Ball 1-0: 2-RUN HOME RUN (Flyball, 7D), Distance : 393 ft
|
Pitching: LHP Santiago Valentín
|
|
Batting: RHB Max Rash
|
0-0: Foul Ball, location: 2F 0-1: Ground out U3 (Groundball, 34)
|
Batting: RHB Jesús Hernández
|
0-0: Ground out 6-3 (Groundball, 6M)
|
Bottom of the 7th over - 2 run(s), 2 hit(s), 0 error(s), 0 left on base; New Orleans 5 - St Charles 8 |
TOP OF THE 8TH |
New Orleans Looters batting - Pitching for St Charles Sheens : LHP Gianluigi Ciottone
|
Batting: LHB Francisco Vega
|
0-0: Ground out U3 (Groundball, 2R)
|
Batting: RHB Rubén Vázquez
|
0-0: Ball 1-0: Fly out, F5 (Line Drive, 56)
|
Batting: RHB Stephen Shaw
|
0-0: Ball 1-0: Ball 2-0: Fly out, F9 (Flyball, 9S)
|
Top of the 8th over - 0 run(s), 0 hit(s), 0 error(s), 0 left on base; New Orleans 5 - St Charles 8 |
BOTTOM OF THE 8TH |
St Charles Sheens batting - Pitching for New Orleans Looters : LHP Santiago Valentín
|
Batting: RHB Miguel Encarnación
|
0-0: Called Strike 0-1: Ball 1-1: Foul Ball, location: 2F 1-2: Ball 2-2: Ball 3-2: SINGLE (Line Drive, 89M)
|
Batting: LHB Juan Jose Rojas
|
0-0: Sac Bunt - play at first, batter OUT! 5-3 Miguel Encarnación to second
|
Batting: LHB Marcos Cantú
|
0-0: Ball 1-0: Ball 2-0: Called Strike 2-1: Foul Ball, location: 2F 2-2: Strikes out looking
|
Batting: RHB Miguel Palácios
|
0-0: Called Strike 0-1: Foul Ball, location: 2F 0-2: Foul Ball, location: 2F 0-2: Fly out, F6 (Line Drive, 6)
|
Bottom of the 8th over - 0 run(s), 1 hit(s), 0 error(s), 1 left on base; New Orleans 5 - St Charles 8 |
TOP OF THE 9TH |
New Orleans Looters batting - Pitching for St Charles Sheens : LHP Gianluigi Ciottone
|
Pitching: RHP Álex Villegas
|
|
Batting: SHB Oliver Deleón
|
0-0: Called Strike 0-1: Foul Ball, location: 2F 0-2: Fly out, F9 (Flyball, 89S)
|
Batting: LHB Seung-chun Mun
|
0-0: Ball 1-0: Foul Ball, location: 2F 1-1: Ball 2-1: Called Strike 2-2: Ball 3-2: SINGLE (Flyball, 78M)
|
Batting: RHB Dave O'Loan
|
0-0: Ball 1-0: Ground out 6-3 (Groundball, 6MD) Seung-chun Mun to second
|
Pitching: RHP Juan Rivera
|
|
Batting: LHB Miguel Colón
|
0-0: Called Strike 0-1: Foul Ball, location: 2F 0-2: Foul Ball, location: 2F 0-2: Ball 1-2: Ball 2-2: Foul Ball, location: 2F 2-2: Foul Ball, location: 2F 2-2: Ball 3-2: Base on Balls
|
Pinch Hitting: LHB Taylor Smith
|
0-0: Called Strike 0-1: 3-RUN HOME RUN (Flyball, 9LD), Distance : 381 ft
|
Pitching: RHP Jeff Lynn
|
|
Batting: RHB Tim Gardner
|
0-0: Ball 1-0: Called Strike 1-1: Ball 2-1: Ground out 5-3 (Groundball, 56)
|
Top of the 9th over - 3 run(s), 2 hit(s), 0 error(s), 0 left on base; New Orleans 8 - St Charles 8 |
BOTTOM OF THE 9TH |
St Charles Sheens batting - Pitching for New Orleans Looters : LHP Santiago Valentín
|
Now at C: Derek Roach
|
|
Batting: LHB Larry Howard
|
0-0: Ball 1-0: Called Strike 1-1: Ball 2-1: SINGLE (Groundball, 34D)
|
Batting: RHB Judson Backstrom
|
0-0: Called Strike 0-1: 2-RUN HOME RUN (Flyball, 7D), Distance : 396 ft
|
Tuesday, August 8th, 2017 - OOTP Baseball 17.12 Build 75
|
|